 Dungeon Crawl Stone Soup version 0.30-a0-241-g1121274140 (webtiles) character file.

Game seed: 5918138550476938998

366 GreatBamboolord the Magician (level 6, -10/41 HPs)
             Began as a Mummy Necromancer on Oct 11, 2022.
             Was an Initiate of Cheibriados.
             Killed from afar by a white imp (15 damage)
             ... with a puff of frost
             ... on level 5 of the Dungeon.
             The game lasted 00:20:31 (5546 turns).

GreatBamboolord the Magician (Mummy Necromancer)    Turns: 5546, Time: 00:20:32

Health: -10/41     AC:  4    Str: 13    XL:     6   Next: 40%
Magic:  15/15      EV: 13    Int: 17    God:    Cheibriados [......]
Gold:   251        SH:  0    Dex: 19    Spells: 9/17 levels left

rFire   . . .      SeeInvis .    p - +4 war axe (freeze)
rCold   . . .      Faith    +    (no shield)
rNeg    + + +      Spirit   .    a - +0 robe
rPois   ∞          Reflect  .    (no helmet)
rElec   .          Harm     .    (no cloak)
rCorr   .          Rampage  .    k - +1 pair of gloves
Will    .....                    (no boots)
Stlth   ++........               (no amulet)
HPRegen 0.26/turn                b - +6 ring of dexterity
MPRegen 0.14/turn                h - ring of fire

@: about to teleport, studying Dodging, very slow
A: cold resistance 1, negative energy resistance 3, torment resistance 2, heat
vulnerability 1, in touch with death 1, no potions, faith
a: Renounce Religion


You were on level 5 of the Dungeon.
You worshipped Cheibriados.
Cheibriados was noncommittal.
You visited 2 branches of the dungeon, and saw 6 of its levels.

You collected 251 gold pieces.

Inventory:

Hand Weapons
 g - a +2 spear of distortion
 p - a +4 war axe of freezing (weapon)
Armour
 a - a +0 robe (worn)
 k - a +1 pair of gloves (worn)
Jewellery
 b - a +6 ring of dexterity (left hand)
 h - a ring of fire (right hand)
Wands
 o - a wand of digging (6)
Scrolls
 c - a scroll of immolation
 d - a scroll of enchant armour
 e - a scroll of silence {unknown}
 f - 2 scrolls of vulnerability
 i - a scroll of brand weapon {unknown}
 j - 2 scrolls of amnesia {unknown}
 l - a scroll of teleportation
 m - a scroll of poison
 n - 2 scrolls of blinking {unknown}


   Skills:
 * Level 2.4 Dodging
 + Level 1.6 Stealth
 * Level 6.0 Spellcasting
 * Level 1.2 Hexes
 * Level 5.6 Necromancy


You had 9 spell levels left.
You knew the following spells:

 Your Spells              Type           Power      Damage    Failure   Level
a - Necrotise             Necr           100%       1d9       1%          1
b - Vampiric Draining     Necr           36%        2d8       3%          3
c - Animate Dead          Necr           36%        N/A       12%         4

Your spell library contained the following spells:

 Spells                   Type           Power      Damage    Failure   Level
 Apportation              Tloc           10%        N/A       13%         1
 Agony                    Necr           36%        N/A       34%         5
 Ozocubu's Armour         Ice            5%         N/A       36%         3
 Metabolic Englaciation   Hex/Ice        3%         N/A       95%         5
 Alistair's Intoxication  Tmut/Pois      3%         N/A       98%         5
 Simulacrum               Ice/Necr       11%        N/A       99%         6


Dungeon Overview and Level Annotations

Branches:
Dungeon (5/15)             Temple (1/1) D:4

Altars:
Ashenzari
Cheibriados
Dithmenos
Fedhas
Gozag
Hepliaklqana
Kikubaaqudgha
Nemelex Xobeh
Qazlal
Ru
Sif Muna
Trog
Uskayaw
Vehumet
Wu Jian
Xom
Yredelemnul

Annotations:
D:4 1 exclusion
D:5 Prince Ribbit


Innate Abilities, Weirdness & Mutations

You are immune to poison.
Your flesh is cold resistant. (rC+)
You are immune to negative energy. (rN+++)
You are immune to unholy pain and torment.
You are vulnerable to heat. (rF-)
You are in touch with the powers of death.
You do not drink.
You have a special connection with the divine. (Faith)


Message History

You open the door. 2 white imps come into view.
The white imp shouts, "Take thy face hence, thou pottle-deep duct-taped deado!"
The white imp moves out of view.
The white imp gestures at you. The puff of frost hits you!
There is an open door here.
You slash the white imp!
The white imp is severely wounded.
The white imp closely misses you. The white imp gestures at you.
The puff of frost hits you!
You slash the white imp!
You kill the white imp!
Cheibriados appreciates the change of pace.
The white imp gestures at you. The puff of frost hits you!
* * * LOW HITPOINT WARNING * * *
The white imp gestures at you. The puff of frost hits you!
* * * LOW HITPOINT WARNING * * *
There is an open door here.
You close the door.
You start resting.
A white imp opens the door.
You can't drink.
As you read the scroll labelled WOAKEU HA HAYRU, it crumbles to dust.
It is a scroll of enchant armour.
Your +0 pair of gloves glows green for a moment.
Okay, then.
Casting: Necrotise (safe; 1% risk of failure)
Confirm with . or Enter, or press ? or * to list all spells.
Okay, then.
Okay, then.
As you read the scroll labelled JEQIEL CAEXARR, it crumbles to dust.
You feel strangely unstable.
It was a scroll of teleportation.
The white imp closely misses you. The white imp gestures at you.
The puff of frost hits you!
You die...

#............#....# ....
#............###'## ...#
#......##P≈≈......##...#
#......#..≈≈P.....#....#
#...=..+.P..P.....#....+
#....⌠.#...+......#....#
#.⌠....#...#......5....#
+......#####......##..5....
#.♣♣...#...#....@## ......#
#......#...#.....# .......
.......#...#.....# .......
.).....#...#.....# .......
.F.....#...#.....# ...#...
.......'...#.....# ...#...
.<.....#...#.....#
.......#§..#.....#
.......##'##


You could see a white imp.

Vanquished Creatures
  A jelly (D:5)
  A hound (D:4)
  Terence (D:3)
  An orc wizard (D:4)
  7 gnolls
  5 adders
  A shadow imp (D:5)
  A white imp (D:5)
  3 worms
  2 dart slugs
  10 orcs
  6 ball pythons
  15 endoplasms
  4 giant cockroaches
  10 hobgoblins
  2 jackals (D:2)
  5 kobolds
  7 quokkas
  3 bats
  3 frilled lizards
  6 goblins
  9 rats
103 creatures vanquished.

Vanquished Creatures (collateral kills)
  A giant cockroach (D:2)
1 creature vanquished.

Vanquished Creatures (others)
  5 demonic plants (D:5)
5 creatures vanquished.

Grand Total: 109 creatures vanquished

Notes
Turn   | Place    | Note
-------+----------+-------------------------------------------
     0 | D:1      | GreatBamboolord the Mummy Necromancer began the quest for
                  | the Orb.
     0 | D:1      | Reached XP level 1. HP: 13/13 MP: 4/4
   145 | D:1      | Reached XP level 2. HP: 19/19 MP: 0/5
   221 | D:1      | Reached skill level 3 in Spellcasting
   970 | D:1      | Gained mutation: You are in touch with the powers of death.
                  | [Mummy growth]
   970 | D:1      | Reached XP level 3. HP: 22/24 MP: 4/7
  1282 | D:2      | Identified the +8 chain mail of the End {rF+ Dex+6}
  1400 | D:2      | Learned a level 3 spell: Vampiric Draining
  1690 | D:2      | Reached skill level 5 in Necromancy
  1690 | D:2      | Reached XP level 4. HP: 30/30 MP: 6/9
  1943 | D:2      | Learned a level 4 spell: Animate Dead
  1989 | D:2      | Reached skill level 4 in Spellcasting
  2297 | D:3      | Noticed Terence
  2435 | D:3      | Killed Terence
  2436 | D:3      | Reached XP level 5. HP: 35/35 MP: 6/12
  2439 | D:3      | Reached skill level 1 in Hexes
  2498 | D:3      | Reached skill level 5 in Spellcasting
  2809 | D:3      | Noticed a +0 hand axe
  2812 | D:3      | Noticed a +0 dagger
  2813 | D:3      | Found a hide-covered altar of Uskayaw.
  3693 | D:4      | Reached XP level 6. HP: 41/41 MP: 8/14
  3704 | D:4      | Found an opulent altar of Gozag.
  4292 | D:4      | Found a staircase to the Ecumenical Temple.
  4423 | D:4      | Found an ornate altar of the Wu Jian Council.
  4590 | Temple   | Entered the Ecumenical Temple
  4849 | Temple   | Became a worshipper of Cheibriados the Contemplative
  5016 | D:5      | Entered Level 5 of the Dungeon
  5269 | D:5      | Reached skill level 6 in Spellcasting
  5284 | D:5      | Noticed Prince Ribbit
  5538 | D:5      | HP: 2/41 [white imp/puff of frost (8)]
  5546 | D:5      | Killed from afar by a white imp

Illustrated notes

Levels and vault maps discovered:
D:1:      onia_arrival_handbag, layout_basic
D:2:      layout_basic
D:3:      layout_basic, dancing_weapons_uskayaw, uniq_terence
D:4:      layout_layer_cave, nicolae_wu_jian_glorious_leap,
          kennysheep_mini_moat, minmay_temple_entry_crystal_x,
          dk_noncrumbling_2, minmay_pentomino_pile
D:5:      layout_gridville, serial_demonic, serial_demonic_f, serial_demonic_g,
          serial_demonic_a, serial_demonic_g, serial_demonic_d,
          serial_demonic_e, serial_demonic_g, serial_demonic_a,
          serial_demonic_g, serial_demonic_c, uniq_eustachio, uniq_duvessa,
          uniq_prince_ribbit1
Temple:   eino_wide_crystal_templ

Skill      XL: |  1  2  3  4  5  6 |
---------------+-------------------+-----
Spellcasting   | 3 4 5 6 |  6.0
Necromancy     | 5 |  5.6
Hexes          | 1 |  1.2
Dodging        | 2 |  2.4
Stealth        | |  1.6

Action                   |  1- 3 |  4- 6 || total
-------------------------+-------+-------++-------
Melee: Unarmed           |    16 |     7 ||    23
       War axe           |       |    16 ||    16
       Punch             |       |     1 ||     1
 Cast: Necrotise         |    89 |   132 ||   221
  Use: Scroll            |       |    11 ||    11
 Stab: Distracted        |     1 |       ||     1
       Sleeping          |       |     1 ||     1
Armor: Robe              |    10 |     9 ||    19
Dodge: Dodged            |    28 |    49 ||    77

Table legend: (Time is in decaauts)
 A = Elapsed time spent in this place.
 B = Non-inter-level travel time spent in this place.
 C = Inter-level travel time spent in this place.
 D = Time resting spent in this place.
 E = Time spent auto-exploring this place.
 F = Levels seen in this place.
 G = Mean time per level.
                   A        B        C        D        E       F      G
               +--------+--------+--------+--------+--------+-----+--------+
         Total |   5650 |   5086 |    564 |    557 |   3623 |   6 |  941.7 |
       Dungeon |   5375 |   4997 |    378 |    557 |   3623 |   5 | 1075.0 |
        Temple |    274 |     88 |    186 |      0 |      0 |   1 |  274.0 |
               +--------+--------+--------+--------+--------+-----+--------+

Top non-repeatable levels by time:
     D:4: 1567 daAuts
     D:2: 1282 daAuts
     D:1: 1085 daAuts
     D:3: 954 daAuts
     D:5: 486 daAuts
  Temple: 274 daAuts
